 Dungeon Crawl Stone Soup version 0.22-a0-223-g0f5d773 (webtiles) character file.

1792 varam the Conjurer (level 9, -3/57 HPs)
             Began as an Octopode Fire Elementalist on Feb 18, 2018.
             Was a Follower of Ashenzari.
             Killed from afar by Erica (16 damage)
             ... with a bolt of poison
             ... on level 8 of the Dungeon.
             The game lasted 00:35:56 (6772 turns).

varam the Conjurer (Octopode Fire Elementalist)     Turns: 6772, Time: 00:35:57

Health: -3/57      AC:  7    Str:  7    XL:     9   Next: 9%
Magic:  10/15      EV: 15    Int: 20    God:    Ashenzari [*.....]
Gold:   411        SH:  8    Dex: 13    Spells: 4/16 levels left

rFire    . . .     SeeInvis .   j - +2 whip (flame) (curse)
rCold    + . .     Gourm    .   B - +0 buckler
rNeg     . . .     Faith    .   (helmet restricted)
rPois    .         Spirit   .   z - +3 amulet of reflection (curse)
rElec    .         Reflect  +   b - +5 ring of protection (curse)
rCorr    .         Harm     .   (no ring)
MR       .....                  (no ring)
Stlth    +++.......             (no ring)
HPRegen  0.19/turn              (no ring)
MPRegen  0.14/turn              (no ring)
                                (no ring)
                                (no ring)

@: lethally poisoned (-3 -> -15), flying, hasted, very quick
A: almost no armour, stealthy swim, amphibious, 8 rings, constrict 8, repulsion
field 1, rugged brown scales 1, camouflage 1, cold resistance 1, gelatinous body
1
a: Curse Item, Scrying, Renounce Religion


You were on level 8 of the Dungeon.
You worshipped Ashenzari.
Ashenzari was aware of your devotion.
You were hungry.

You visited 1 branch of the dungeon, and saw 8 of its levels.

You collected 411 gold pieces.

Inventory:

Hand Weapons
 j - a cursed +2 whip of flaming (weapon)
 s - a +0 hunting sling
Missiles
 e - 237 stones (quivered)
 r - 7 tomahawks
 t - 19 sling bullets
Armour
 B - a +0 buckler (worn)
Jewellery
 b - a cursed +5 ring of protection (left tentacle)
 y - an uncursed ring of magical power
 z - a cursed +3 amulet of reflection (around mantle)
 C - an uncursed ring of protection from fire
Wands
 E - a wand of disintegration (18)
Scrolls
 c - 3 scrolls of noise
 f - 2 scrolls of enchant weapon {unknown}
 g - a scroll of enchant armour {unknown}
 h - 3 scrolls of teleportation
 i - a scroll of fear {unknown}
 m - 2 scrolls of amnesia
 n - 2 scrolls of random uselessness
 o - 2 scrolls of magic mapping {unknown}
 v - 4 scrolls of remove curse
 w - 2 scrolls of vulnerability
 x - 2 scrolls of blinking
 F - 2 scrolls of identify
Potions
 d - a potion of ambrosia
 l - a potion of might {unknown}
 p - 2 potions of degeneration
 q - a potion of mutation
 u - a potion of curing {unknown}
 D - a potion of berserk rage {unknown}
 G - a potion of flight
Comestibles
 a - 12 rations
 k - 2 chunks of flesh


   Skills:
 + Level 3.1 Fighting
 + Level 0.0 Maces & Flails
 - Level 2.0 Dodging
 - Level 2.6 Stealth
 * Level 3.9 Shields
 - Level 4.0 Spellcasting
 + Level 6.9 Conjurations
 + Level 6.8 Fire Magic
 + Level 0.0 Air Magic
 + Level 0.1 Poison Magic


You had 4 spell levels left.
You knew the following spells:

 Your Spells              Type           Power        Failure   Level  Hunger
a - Flame Tongue          Conj/Fire      ####.        1%          1    None
b - Throw Flame           Conj/Fire      ####..       1%          2    #......
c - Blink                 Tloc           N/A          19%         2    #......
d - Mephitic Cloud        Conj/Pois/Air  ##......     14%         3    ###....
e - Sticky Flame          Conj/Fire      ####....     8%          4    ####...


Dungeon Overview and Level Annotations

Branches:
Dungeon (8/15)             Temple (0/1) D:5
   Lair: D:8-11

Altars:
Ashenzari
Dithmenos
Fedhas
Gozag
Qazlal
Ru
Sif Muna

Shops:
D:4 %?

Annotations:
D:8 Erica


Innate Abilities, Weirdness & Mutations

You cannot wear most types of armour.
You are very stealthy in the water. (Stealth+)
You are amphibious.
You can wear up to eight rings at the same time.
You can use your tentacles to constrict eight enemies at once.
Your skin changes colour to match your surroundings (Stealth+).
Your rubbery body absorbs attacks. (AC +1, EV +1)
You are surrounded by a mild repulsion field. (EV +2)
You are partially covered in rugged brown scales. (AC +1, +3% HP)
Your flesh is cold resistant. (rC+)


Message History

You're too confused!
It was a potion of flight.
You feel very buoyant.
You fly up into the air.
You feel less confused. Something hits you!
* * * LOW HITPOINT WARNING * * *
Something burns you.
* * * LOW HITPOINT WARNING * * *
It was a potion of haste.
You feel yourself speed up.
You hear some strange, mumbled words.
A bolt of poison appears from out of thin air!
The bolt of poison misses you.
You are feeling hungry.
The crimson imp blinks!
You hear some strange, mumbled words.
A bolt of poison appears from out of thin air!
The bolt of poison hits you!
You are poisoned.
You die...

....# ...#
#######..#
.........#
..#...#..#
...ยง.5..{#
..#...##.#
.......#.##
########## ##@..#
##.......# ###..(##
#........# ##)....#
#.......####.....##
#......###.....###
.............###
......##......##
##########.....##
##.....##


You could see a crimson imp.

Vanquished Creatures
  Menkaure (D:4)
  A sky beast (D:7)
  An orc warrior (D:7)
  An ice beast (D:5)
  An ogre (D:7)
  2 phantoms
  4 bullfrogs
  3 scorpions
  2 howler monkeys
  A crimson imp (D:5)
  A centaur zombie (D:5)
  4 hounds
  An orc priest (D:7)
  A jelly (D:5)
  2 orc wizards
  A bullfrog skeleton (D:6)
  An iguana (D:6)
  3 worker ants
  A hound zombie (D:5)
  3 gnolls (D:2)
  7 adders
  An ooze (D:4)
  An adder skeleton (D:4)
  3 worms
  2 dart slugs
  2 leopard geckos (D:1)
  16 orcs
  3 ball pythons
  5 bats
  8 giant cockroaches
  8 goblins
  2 hobgoblins (D:2)
  8 jackals
  8 kobolds
  3 quokkas
  8 frilled lizards
  A jackal zombie (D:6)
  A quokka skeleton (D:6)
  A quokka zombie (D:7)
  4 rats
127 creatures vanquished.

Notes
Turn   | Place    | Note
-------+----------+-------------------------------------------
     0 | D:1      | varam the Octopode Fire Elementalist began the quest for the Orb.
     0 | D:1      | Reached XP level 1. HP: 11/11 MP: 3/3
   129 | D:1      | Found a shattered altar of Ashenzari.
   148 | D:1      | Became a worshipper of Ashenzari the Shackled
   167 | D:1      | Reached XP level 2. HP: 16/17 MP: 0/5
   242 | D:1      | Learned a level 2 spell: Throw Flame
   472 | D:2      | Learned a level 2 spell: Blink
   478 | D:2      | Reached skill level 4 in Fire Magic
   488 | D:2      | Found an opulent altar of Gozag.
   518 | D:2      | Reached XP level 3. HP: 21/21 MP: 0/6
  1378 | D:2      | Reached XP level 4. HP: 27/27 MP: 0/7
  1573 | D:2      | Found a blossoming altar of Fedhas.
  1850 | D:2      | Reached skill level 5 in Fire Magic
  2158 | D:3      | Reached XP level 5. HP: 6/31 MP: 0/8
  3060 | D:4      | Reached * piety under Ashenzari
  3093 | D:4      | Found Bugrai's Magic Scroll Shoppe.
  3227 | D:4      | Noticed Menkaure
  3248 | D:4      | Reached skill level 3 in Spellcasting
  3248 | D:4      | Reached skill level 2 in Conjurations
  3292 | D:5      | Entered Level 5 of the Dungeon
  3300 | D:5      | Reached XP level 6. HP: 36/36 MP: 7/10
  3395 | D:5      | Found a staircase to the Ecumenical Temple.
  3479 | D:5      | Noticed an ice beast
  3522 | D:5      | Learned a level 3 spell: Mephitic Cloud
  3540 | D:5      | Reached skill level 3 in Conjurations
  3549 | D:5      | Noticed a phantom
  3707 | D:5      | Killed a phantom
  3729 | D:5      | Killed an ice beast
  3729 | D:5      | Reached skill level 4 in Conjurations
  3729 | D:5      | Reached XP level 7. HP: 41/41 MP: 0/12
  3858 | D:4      | Reached skill level 4 in Spellcasting
  3866 | D:4      | Learned a level 4 spell: Sticky Flame
  3940 | D:4      | Killed Menkaure
  3940 | D:4      | Reached skill level 5 in Conjurations
  4126 | D:4      | Found Lamuif's Food Boutique.
  4357 | D:6      | Found a deep blue altar of Sif Muna.
  4360 | D:6      | Found a stormy altar of Qazlal.
  4835 | D:6      | Reached XP level 8. HP: 26/47 MP: 8/14
  5148 | D:6      | Reached skill level 1 in Fighting
  5148 | D:6      | Reached skill level 6 in Conjurations
  5148 | D:6      | Reached skill level 6 in Fire Magic
  5382 | D:6      | Found a shadowy altar of Dithmenos.
  5425 | D:6      | Reached skill level 1 in Shields
  5786 | D:7      | Reached skill level 2 in Fighting
  5792 | D:7      | Reached skill level 2 in Shields
  5981 | D:6      | Gained mutation: You are partially covered in rugged brown scales. (AC +1, +3% HP) [potion of mutation]
  5981 | D:6      | Gained mutation: Your flesh is cold resistant. (rC+) [potion of mutation]
  5981 | D:6      | Gained mutation: You are surrounded by a mild repulsion field. (EV +2) [potion of mutation]
  6132 | D:7      | Found a sacrificial altar of Ru.
  6223 | D:7      | Reached skill level 3 in Shields
  6290 | D:7      | Reached XP level 9. HP: 56/56 MP: 12/15
  6297 | D:7      | Reached skill level 3 in Fighting
  6720 | D:8      | Noticed a two-headed ogre
  6752 | D:8      | Noticed Erica
  6772 | D:8      | Killed from afar by Erica

Vault maps used:
D:1:      lightli_arrival_windingriver, evilmike_ruin_ashenzari
D:2:      grunt_gozag_statues, lemuel_round_altar, first_ration
D:3:      minmay_misc_feat_four_crosses, hangedman_abyss_or_decor_lesser_grid
D:4:      serial_shops, shop, nicolae_shop_trees, serial_bayou_crossing,
          uniq_menkaure
D:5:      minmay_temple_entry_statues_fountains, hangedman_decor_push
D:6:      grunt_temple_overflow_open, nicolae_dithmenos_shadow_blocks
D:7:      nicolae_ru_sacrificial_ziggurat
D:8:      lemuel_coloured_pillars_altar, jmf_multi_god_temple, uniq_joseph,
          uniq_erica

Skill      XL: |  1  2  3  4  5  6  7  8  9 |
---------------+----------------------------+-----
Fire Magic     | 4 5 6 |  6.8
Spellcasting   | 3 4 |  4.0
Conjurations   | 2 4 5 6 |  6.9
Fighting       | 2 3 |  3.1
Shields        | 3 |  3.9
Dodging        | |  2.0
Stealth        | |  2.6
Poison Magic   | |  0.1

Action                   |  1- 3 |  4- 6 |  7- 9 || total
-------------------------+-------+-------+-------++-------
Melee: Unarmed           |    32 |     2 |       ||    34
       Constrict         |    10 |    17 |    16 ||    43
       Tentacles         |     6 |     9 |    13 ||    28
       Whip              |       |    64 |    65 ||   129
 Fire: Hunting sling     |       |     8 |       ||     8
Throw: Stone             |     1 |       |       ||     1
 Cast: Flame Tongue      |    43 |    33 |    52 ||   128
       Throw Flame       |     6 |    27 |    36 ||    69
       Sticky Flame      |       |       |     9 ||     9
       Blink             |       |       |     1 ||     1
       Mephitic Cloud    |       |       |     1 ||     1
Invok: Curse Item        |       |     1 |     2 ||     3
  Use: Scroll            |       |     1 |     8 ||     9
       Potion            |       |       |     3 ||     3
 Stab: Sleeping          |     5 |     3 |     3 ||    11
       Confused          |       |       |     1 ||     1
  Eat: Chunk             |     2 |     9 |    12 ||    23
Armor: Skin              |    15 |    22 |    17 ||    54
Dodge: Dodged            |    37 |    53 |    57 ||   147
Block: Other             |       |       |     3 ||     3
       Buckler           |       |       |     8 ||     8

Table legend:
 A = Spawn XP
 B = Non-spawn XP
 C = Spawn XP percentage of total XP
 D = Spawn monster count
 E = Non-spawn monster count
 F = Spawn count percentage of total count
 G = Total turns spent on level
                    A         B        C        D         E        F      G
               +---------+---------+-------+---------+---------+-------+---------
         Total |       0 |    2560 |   0.0 |       0 |     127 |   0.0 |  6772
               +---------+---------+-------+---------+---------+-------+---------
           D:1 |       0 |      33 |   0.0 |       0 |      18 |   0.0 |  1093
           D:2 |       0 |      88 |   0.0 |       0 |      23 |   0.0 |  1214
           D:3 |       0 |      95 |   0.0 |       0 |      20 |   0.0 |   695
           D:4 |       0 |     420 |   0.0 |       0 |      18 |   0.0 |   759
           D:5 |       0 |     485 |   0.0 |       0 |      15 |   0.0 |   593
           D:6 |       0 |     679 |   0.0 |       0 |      15 |   0.0 |  1555
           D:7 |       0 |     747 |   0.0 |       0 |      17 |   0.0 |   761
           D:8 |       0 |      13 |   0.0 |       0 |       1 |   0.0 |   102
               +---------+---------+-------+---------+---------+-------+---------
